 Dungeon Crawl Stone Soup version 0.32-a0-928-g1cae6b7ea0 (webtiles) character file.

Game seed: 14691024103186550106

1362200 jestert79 the Slayer (level 27, 211/245 HPs)
             Began as a Gnoll Earth Elementalist on Apr 10, 2024.
             Was the Champion of Sif Muna.
             Escaped with the Orb
             ... and 3 runes on Apr 12, 2024!
             The game lasted 10:32:18 (118289 turns).

jestert79 the Slayer (Gnoll Earth Elementalist)   Turns: 118289, Time: 10:32:19

Health: 211/245    AC: 30    Str: 20      XL:     27
Magic:  47/47      EV: 25    Int: 26      God:    Sif Muna [******]
Gold:   2861       SH: 18    Dex: 22 (24) Spells: 3/66 levels left

rFire   + . .        j - +3 Elemental Staff {ele, rElec rF+ rC+ AC+3}
rCold   + + +        x - +2 kite shield {reflect}
rNeg    + + .        U - +5 ring mail of Forking Paths {Str+3 Dex+4}
rPois   +            V - +2 helmet {SInv}
rElec   +            O - +1 cloak {rPois}
rCorr   .            r - +2 pair of gloves {Dex+3}
SInv    +            p - +3 pair of mountain boots {steadfast, rC+}
Will    +++++        P - amulet "Zebealla" {rC+ Regen+ Str+5}
Stlth   +++          q - ring of Paranoia {rN++ Will+ Str+3}
HPRegen 1.40/turn    H - ring of Dithmenos's Anger {Wiz Will+ Int+3 Slay+2}
MPRegen 0.30/turn

%: reflection, wizardry (x1)
@: studying Fighting
A: fangs 1, strong nose, distributed training, deformed body, strong-willed 1,
devolution 1
0: Orb of Zot
}: 3/15 runes: serpentine, barnacled, slimy
a: Renounce Religion, Channel Magic, Forget Spell, Divine Exegesis


You escaped.
You worshipped Sif Muna.
Sif Muna was exalted by your worship.
You visited 12 branches of the dungeon, and saw 55 of its levels.
You also visited: Trove.

You collected 8881 gold pieces.
You spent 6020 gold pieces at shops.

Inventory:

Hand Weapons
 a - the +8 long sword of Responsibility {freeze, rF+ rC+ Will+ Int+4}
   (You took it off a deep elf sorcerer on level 3 of the Elven Halls)

   Int+4:     It affects your intelligence (+4).
   rF+:       It protects you from fire.
   rC+:       It protects you from cold.
   Will+:     It increases your willpower.
 j - the +3 Elemental Staff (weapon) {ele, rElec rF+ rC+ AC+3}
   (You bought it in a shop on level 2 of the Snake Pit)

   AC+3:      It affects your AC (+3).
   rF+:       It protects you from fire.
   rC+:       It protects you from cold.
   rElec:     It insulates you from electricity.
Missiles
 b - 2 datura-tipped darts
 n - a curare-tipped dart (quivered)
 D - 7 throwing nets
Armour
 p - the +3 pair of mountain boots (worn) {steadfast, rC+}
   (You found it in a treasure trove)

   Steadfast: It prevents involuntary movement, except for blinking,
   teleportation, or banishment.
   rC+:       It protects you from cold.
 r - a +2 pair of gloves of dexterity (worn)
 x - a +2 kite shield of reflection (worn)
 O - a +1 cloak of poison resistance (worn)
 U - the +5 ring mail of Forking Paths (worn) {Str+3 Dex+4}
   (You bought it in a shop on level 2 of the Dungeon)

   Str+3:     It affects your strength (+3).
   Dex+4:     It affects your dexterity (+4).
 V - a +2 helmet of see invisible (worn)
Jewellery
 g - the ring of Ihymnaocw {rC+ rN++ Int+2}
   (You found it on level 3 of the Crypt)

   [ring of protection from cold]

   Int+2:     It affects your intelligence (+2).
   rC+:       It protects you from cold.
   rN++:      It greatly protects you from negative energy.
 i - the ring "Maranees" {Fly rN+ Int-2 Dex+3}
   (You took it off a deep elf pyromancer on level 3 of the Elven Halls)

   [ring of flight]

   Int-2:     It affects your intelligence (-2).
   Dex+3:     It affects your dexterity (+3).
   rN+:       It protects you from negative energy.
   Fly:       It grants you flight.
 q - the ring of Paranoia (left hand) {rN++ Will+ Str+3}
   (You found it on level 3 of the Crypt)

   [ring of willpower]

   Str+3:     It affects your strength (+3).
   rN++:      It greatly protects you from negative energy.
   Will+:     It increases your willpower.
 t - a +5 ring of evasion
 z - a ring of flight
 H - the ring of Dithmenos's Anger (right hand) {Wiz Will+ Int+3 Slay+2}
   (You bought it in a shop on level 4 of the Snake Pit)

   [ring of wizardry]

   Wiz:       It improves your spell success rate.
   Int+3:     It affects your intelligence (+3).
   Slay+2:    It affects your accuracy & damage with ranged weapons and melee
   (+2).
   Will+:     It increases your willpower.
 L - a ring of protection from cold
 P - the amulet "Zebealla" (around neck) {rC+ Regen+ Str+5}
   (You bought it in a shop on level 2 of the Orcish Mines)

   [amulet of regeneration]

   Str+5:     It affects your strength (+5).
   rC+:       It protects you from cold.
   Regen+:    It increases your rate of health regeneration.
 R - the ring of Dim Light {Ice rElec rCorr Dex+4 Stlth-}
   (You took it off Josephina on level 1 of the Crypt)

   [ring of ice]

   Ice:       It enhances your ice magic.
   Dex+4:     It affects your dexterity (+4).
   rF-:       It makes you vulnerable to fire.
   rC+:       It protects you from cold.
   rElec:     It insulates you from electricity.
   rCorr:     It protects you from acid and corrosion.
   Stlth-:    It makes you less stealthy.
 T - the ring of Virchyk {rPois rN++ Will++ Int-2 Dex+4}
   (You took it off Khufu on level 3 of the Crypt)

   [ring of poison resistance]

   Int-2:     It affects your intelligence (-2).
   Dex+4:     It affects your dexterity (+4).
   rPois:     It protects you from poison.
   rN++:      It greatly protects you from negative energy.
   Will++:    It greatly increases your willpower.
 X - a ring of protection from fire
Wands
 G - a wand of charming (25)
 K - a wand of polymorph (53)
 N - a wand of warping (39)
 S - a wand of digging (6)
Scrolls
 c - 13 scrolls of fog
 d - 10 scrolls of blinking
 h - 10 scrolls of revelation
 m - 19 scrolls of teleportation
 o - 10 scrolls of vulnerability
 s - 3 scrolls of silence
 y - 5 scrolls of fear
 A - 8 scrolls of immolation
 I - 3 scrolls of poison
Potions
 e - 4 potions of berserk rage
 k - 12 potions of lignification
 u - 3 potions of cancellation
 v - 10 potions of curing
 w - 7 potions of heal wounds
 B - 5 potions of invisibility
 C - a potion of brilliance
 F - 4 potions of enlightenment
 J - 3 potions of magic
 M - 4 potions of might
 Q - a potion of haste
 W - 6 potions of resistance
 Z - 6 potions of ambrosia
Miscellaneous
 f - a sack of spiders
 l - a phantom mirror
 E - a condenser vane
 Y - a Gell's gravitambourine (2/2)


   Skills:
 + Level 26.1 Fighting
 + Level 19.7 Short Blades
 + Level 19.7 Long Blades
 + Level 19.7 Axes
 + Level 19.7 Maces & Flails
 + Level 19.7 Polearms
 + Level 19.7 Staves
 + Level 19.7 Ranged Weapons
 + Level 19.7 Throwing
 + Level 19.7 Armour
 + Level 20.2 Dodging
 + Level 20.1 Stealth
 + Level 19.7 Shields
 + Level 19.7 Unarmed Combat
 + Level 20.2 Spellcasting
 + Level 17.0 Conjurations
 + Level 16.8 Hexes
 + Level 16.8 Summonings
 + Level 16.8 Necromancy
 + Level 16.8 Translocations
 + Level 16.8 Fire Magic
 + Level 16.8 Ice Magic
 + Level 16.8 Air Magic
 + Level 17.6 Earth Magic
 + Level 16.8 Alchemy
 + Level 21.3 Invocations
 + Level 19.7 Evocations
 + Level 18.2 Shapeshifting


You had 3 spell levels left.
You knew the following spells:

 Your Spells              Type           Power      Damage    Failure   Level
a - Enfeeble              Hex            42%        N/A       1%          7
b - Stone Arrow           Conj/Erth      100%       3d13      0%          3
c - Maxwell's Capacitive  Air            53%        ∞         8%          8
d - Tukima's Dance        Hex            85%        N/A       0%          3
e - Apportation           Tloc           100%       N/A       0%          1
f - Yara's Violent Unrav  Hex/Alch       42%        3d17      1%          5
g - Freezing Cloud        Conj/Ice/Air   65%        6-21      1%          5
i - Irradiate             Conj/Alch      42%        3d25      1%          5
j - Summon Cactus Giant   Summ           42%        N/A       1%          6
k - Bombard               Conj/Erth      54%        9d9       1%          6
l - Orb of Destruction    Conj           43%        9d12      1%          7
m - Malign Gateway        Summ/Tloc      42%        N/A       1%          7

Your spell library contained the following spells:

 Spells                   Type           Power      Damage    Failure   Level
 Foxfire                  Conj/Fire      100%       2x1d9     0%          1
 Freeze                   Ice            100%       1d10      0%          1
 Kiss of Death            Conj/Necr      100%       2d13      0%          1
 Magic Dart               Conj           100%       1d8       0%          1
 Necrotise                Necr           100%       1d9       0%          1
 Sandblast                Erth           100%       2d20      0%          1
 Shock                    Conj/Air       100%       1d9       0%          1
 Slow                     Hex            100%       N/A       0%          1
 Sting                    Conj/Alch      100%       1d9       0%          1
 Summon Small Mammal      Summ           100%       N/A       0%          1
 Blink                    Tloc           100%       N/A       0%          2
 Call Imp                 Summ           100%       N/A       0%          2
 Cigotuvi's Dreadful Rot  Necr/Alch/Air  100%       N/A       0%          2
 Ensorcelled Hibernation  Hex/Ice        100%       N/A       0%          2
 Jinxbite                 Hex            100%       N/A       0%          2
 Lesser Beckoning         Tloc           100%       N/A       0%          2
 Mercury Vapours          Alch/Air       100%       N/A       0%          2
 Momentum Strike          Conj/Tloc      100%       3d10      0%          2
 Scorch                   Fire           100%       2d9       0%          2
 Searing Ray              Conj           100%       2d8       0%          2
 Static Discharge         Conj/Air       100%       3-8/arc   0%          2
 Sublimation of Blood     Necr           85%        N/A       0%          2
 Call Canine Familiar     Summ           85%        N/A       0%          3
 Confusing Touch          Hex            85%        N/A       0%          3
 Dazzling Flash           Conj/Hex       100%       N/A       0%          3
 Frozen Ramparts          Ice            100%       1d16      0%          3
 Fugue of the Fallen      Necr           85%        N/A       0%          3
 Hailstorm                Conj/Ice       100%       3d16      0%          3
 Inner Flame              Hex/Fire       100%       N/A       0%          3
 Maxwell's Portable Pile  Tloc           85%        2d(13-39) 0%          3
 Mephitic Cloud           Conj/Alch/Air  100%       N/A       0%          3
 Ozocubu's Armour         Ice            100%       N/A       0%          3
 Passwall                 Erth           100%       N/A       0%          3
 Sigil of Binding         Hex            85%        N/A       0%          3
 Summon Ice Beast         Ice/Summ       100%       N/A       0%          3
 Swiftness                Air            100%       N/A       0%          3
 Teleport Other           Tloc           85%        N/A       0%          3
 Vampiric Draining        Necr           85%        2d12      0%          3
 Volatile Blastmotes      Fire/Tloc      100%       2d18      0%          3
 Animate Armour           Summ/Erth      100%       N/A       0%          4
 Brom's Barrelling Bould  Conj/Erth      100%       2d11      0%          4
 Leda's Liquefaction      Alch/Erth      54%        N/A       0%          4
 Petrify                  Alch/Erth      100%       N/A       0%          4
 Airstrike                Air            53%        2d(8-24)  1%          4
 Anguish                  Hex/Necr       42%        N/A       1%          4
 Animate Dead             Necr           85%        N/A       1%          4
 Cause Fear               Hex            42%        N/A       1%          4
 Dimensional Bullseye     Hex/Tloc       42%        N/A       1%          4
 Dispel Undead            Necr           85%        3d27      1%          4
 Flame Wave               Conj/Fire      100%       2d21      1%          4
 Fulminant Prism          Conj/Alch      42%        3d19      1%          4
 Ignite Poison            Fire/Alch      100%       N/A       1%          4
 Iskenderun's Mystic Bla  Conj/Tloc      85%        2d17      (+2d91%     4
 Martyr's Knell           Necr/Summ      85%        N/A       1%          4
 Olgreb's Toxic Radiance  Alch           85%        N/A       1%          4
 Passage of Golubria      Tloc           85%        N/A       1%          4
 Sticky Flame             Fire/Alch      100%       2d15      1%          4
 Summon Blazeheart Golem  Fire/Summ      100%       N/A       1%          4
 Summon Lightning Spire   Summ/Air       100%       N/A       1%          4
 Vhi's Electric Charge    Tloc/Air       100%       N/A       1%          4
 Alistair's Intoxication  Alch           56%        N/A       1%          5
 Arcjolt                  Conj/Air       53%        1d63      1%          5
 Borgnjor's Vile Clutch   Necr/Erth      54%        N/A       1%          5
 Curse of Agony           Necr           85%        N/A       1%          5
 Fireball                 Conj/Fire      53%        3d21      1%          5
 Iskenderun's Battlesphe  Conj           86%        2d13      1%          5
 Lee's Rapid Deconstruct  Erth           54%        3d25*     1%          5
 Metabolic Englaciation   Hex/Ice        53%        N/A       1%          5
 Silence                  Hex/Air        53%        N/A       1%          5
 Summon Forest            Summ/Tloc      42%        N/A       1%          5
 Summon Mana Viper        Hex/Summ       85%        N/A       1%          5
 Conjure Ball Lightning   Conj/Air       53%        3x3d18    1%          6
 Death Channel            Necr           42%        N/A       1%          6
 Dispersal                Tloc           42%        N/A       1%          6
 Eringya's Noxious Bog    Alch           42%        4d6       1%          6
 Gell's Gavotte           Tloc           42%        2d(30-45) 1%          6
 Permafrost Eruption      Ice/Erth       65%        2x4d14    1%          6
 Plasma Beam              Fire/Air       65%        2x1d81    1%          6
 Sculpt Simulacrum        Ice/Alch       53%        N/A       1%          6
 Starburst                Conj/Fire      53%        6d14      1%          6
 Haunt                    Necr/Summ      42%        N/A       1%          7
 Manifold Assault         Tloc           42%        N/A       1%          7
 Monstrous Menagerie      Summ           42%        N/A       1%          7
 Ozocubu's Refrigeration  Ice            53%        4d19      1%          7
 Spellforged Servitor     Conj/Summ      42%        N/A       1%          7
 Summon Hydra             Summ           42%        N/A       1%          7
 Lehudib's Crystal Spear  Conj/Erth      54%        10d13     6%          8
 Borgnjor's Revivificati  Necr           42%        N/A       8%          8
 Discord                  Hex            42%        N/A       8%          8
 Disjunction              Tloc           42%        N/A       8%          8
 Ignition                 Fire           53%        3d15      8%          8
 Infestation              Necr           42%        N/A       8%          8
 Summon Horrible Things   Summ           42%        N/A       8%          8
 Shatter                  Erth           54%        3d41*     61%         9
 Chain Lightning          Conj/Air       53%        3d71      69%         9
 Fire Storm               Conj/Fire      53%        8d14      69%         9
 Death's Door             Necr           42%        N/A       71%         9
 Dragon's Call            Summ           42%        N/A       71%         9
 Polar Vortex             Ice            53%        12d7*     71%         9


Dungeon Overview and Level Annotations

Branches:
Dungeon (15/15)            Temple (1/1) D:6            Lair (5/5) D:9
 Shoals (4/4) Lair:3        Snake (4/4) Lair:2        Slime (5/5) Lair:5
    Orc (2/2) D:9             Elf (3/3) Orc:2        Vaults (4/5) D:14
  Crypt (3/3) Vaults:2       Tomb (0/3) Crypt:3      Depths (4/4) D:15
    Zot (5/5) Depths:4

Altars:
Ashenzari
Cheibriados
Dithmenos
Elyvilon
Fedhas
Gozag
Hepliaklqana
Kikubaaqudgha
Makhleb
Nemelex Xobeh
Okawaru
Qazlal
Ru
Sif Muna
Trog
Uskayaw
Vehumet
Wu Jian
Xom
Yredelemnul
Zin
The Shining One
Beogh
Jiyva

Shops:
D:1 ?   D:2 ([:   D:3 !   D:12 [   D:15 :   Orc:1 :   Orc:2 =**(   Elf:1 (
Elf:2 ?   Shoals:4 :   Snake:2 !(*   Snake:4 *   Vaults:1 (   Depths:1 [
Depths:3 =::*

Portals:
Hell: Depths:1 Depths:2 Depths:3 Depths:4
Abyss: Depths:1 Depths:2 Depths:3
Pandemonium: Depths:2 Depths:3
Ziggurat: Depths:3

Annotations:
D:3 1 runed translucent door, Crazy Yiuf
D:13 1 runed translucent door, Patrick2011b's ghost, journeyman FoFi
Lair:5 exclusion: obsidian statue
Depths:3 2 transporters, Gazog's ghost, adept DsGl
Zot:3 exclusion: downstairs


Innate Abilities, Weirdness & Mutations

You have very sharp teeth.
Your uncanny sense of smell can sniff out nearby items.
Your experience applies equally to all skills.
Armour fits poorly on your strangely shaped body.
You are strong-willed. (Will+)
You have hidden genetic defects.


Message History

A mysterious force pulls you upwards. The hatch slams shut behind you.
There is a stone staircase leading up here.
You climb upwards.
Level annotation: 1 runed translucent door, Crazy Yiuf
There is a stone staircase leading down here.
There is a stone staircase leading up here.
You climb upwards.
There is a stone staircase leading down here.
Unknown command.
There is an escape hatch in the ceiling here.
A mysterious force pulls you upwards. The hatch slams shut behind you.
An ice devil comes into view.
A Humiol, a smoke demon and a sun demon come into view.
Humiol completely misses you.
Unknown command.
Unknown command.
Blink to where?
Press: ? - help, Dir - move target
As you read the scroll of blinking, it crumbles to dust.
A tormentor comes into view.
The tormentor moves out of view.
The smoke demon attacks as it pursues you!
You block the smoke demon's attack. x3
The smoke demon attacks as it pursues you!
The smoke demon hits you but does no damage.
You block the smoke demon's attack. x2
The smoke demon gestures at you.
The ball of steam hits you but does no damage.
Humiol is engulfed in a cloud of scalding steam.
The smoke demon gestures at you. Something smites you!
There is a staircase leading out of the dungeon here.
Press: ? - help, v - describe, . - travel
Here: Humiol (steam, lightly wounded)
The floor.
Unknown command.
Unknown command.
Humiol is engulfed in a cloud of scalding steam.
Humiol hits you!! You block Humiol's attack.
You have escaped!

### ### ..### ##.# ....#
########..##### .[..##
#.............#
.....############......)#
......÷.........##......#
......÷≈≈≈≈§.....#......#
.....§≈≈≈≈≈§≈....##.#.###
......≈§(>(§≈..&@##.#..#
......§§§≈≈≈33...##.##.###
#......≈§≈§≈4....#..##...#
....(22...2.....##.#####.###
#....############..#####...#
#...## #..............####.######
#§..####...............##.......#
#.####..................#.......#
.......########.........#.......#


You could see Humiol, a sun demon, an ice devil, a smoke demon and a tormentor.

Vanquished Creatures
  the Royal Jelly (Slime:5)
  4 dread liches
  Khufu (Crypt:3)
  Frederick (Crypt:3)
  4 orbs of fire
  2 ancient liches (Zot:5)
  Mennas (Crypt:2)
  2 juggernauts
  Xtahua (Crypt:2)
  Vv (Depths:3)
  Josephina (Crypt:1)
  3 Killer Klowns
  Vashnia (Snake:4)
  Boris (twice) (Vaults:1 Depths:4)
  2 caustic shrikes (Depths:2)
  2 curse toes
  Nikola (Vaults:1)
  8 golden dragons
  4 electric golems
  Jorgrun (Orc:1)
  18 tentacled monstrosities
  Rupert (D:14)
  4 liches
  10 quicksilver dragons
  22 Orb Guardians (Zot:5)
  4 sphinxes
  2 deep elf master archers (Elf:3)
  A deep elf blademaster (Elf:3)
  A titan (Depths:2)
  2 krakens
  19 acid blobs
  6 death cobs
  Frances (D:14)
  2 ancient champions
  Gastronok (D:8)
  Kirke (Shoals:1)
  The ghost of Dyn Saduc the Impaler, a journeyman OnCA of Gozag (D:14)
  2 revenants
  14 storm dragons
  6 draconian monks
  3 tengu reavers
  10 shadow dragons
  6 protean progenitors
  Aizul (Snake:1)
  11 azure jellies
  14 rockslimes
  3 fire giants
  7 nagarajas
  8 draconian shifters
  7 vault wardens
  3 deep elf sorcerers
  2 draconian knights
  4 balrugs
  10 frost giants
  3 ghost moths
  6 draconian scorchers
  An iron dragon (Depths:3)
  7 deep elf elementalists
  A spriggan defender (Depths:3)
  A curse skull (Crypt:3)
  2 draconian stormcallers (Zot:4)
  20 ironbound preservers
  A reaper (Depths:2)
  12 quicksilver oozes
  9 formless jellyfish
  19 very ugly things
  5 draconian annihilators
  A juggernaut skeleton (Crypt:3)
  13 black draconians
  19 stone giants
  5 ironbound thunderhulks
  Nessos (D:14)
  7 deep elf demonologists
  4 vampire knights
  9 deep elf death magi
  A lorocyproca (Depths:1)
  23 purple draconians
  10 deep elf annihilators
  3 spark wasps (Depths:2)
  9 yellow draconians
  6 green draconians
  Azrael (D:14)
  7 red draconians
  3 war gargoyles (Crypt:3)
  14 dire elephants
  12 white draconians
  2 eidola
  9 ettins
  The ghost of bronco the Thaumaturge, a journeyman MDMo of Vehumet (D:12)
  13 merfolk impalers
  7 merfolk javelineers
  9 jiangshi (Crypt:1)
  11 fire dragons
  5 great orbs of eyes
  10 yaktaur captains
  A spriggan zombie (Crypt:2)
  A green death (Depths:3)
  A quicksilver dragon zombie (D:15)
  4 deep elf high priests
  7 rakshasas
  5 hydras
  A salamander tyrant (Snake:1)
  4 vault guards
  A caustic shrike simulacrum (Crypt:1)
  2 entropy weavers
  10 ice dragons
  A peacekeeper (Vaults:3)
  An ogre mage (D:15)
  A spriggan skeleton (Crypt:3)
  9 anacondas
  11 centaur warriors
  A hell beast (Depths:1)
  2 catoblepae
  A fenstrider witch zombie (Crypt:1)
  14 ironbound frosthearts
  3 spriggan air magi
  Erica (D:9)
  3 merfolk avatars
  11 two-headed ogres
  3 merfolk aquamancers
  3 jorogumos
  2 boulder beetles
  An alligator snapping turtle (Shoals:1)
  4 tengu warriors
  3 satyrs
  4 orc high priests
  3 occultists (Depths:1)
  5 death yaks
  A demonic crawler (Zot:3)
  A titan zombie (Crypt:1)
  12 deep troll earth magi
  15 deep troll shamans
  Urug (Lair:3)
  3 hell hogs (Zot:4)
  A spriggan berserker (Depths:2)
  20 deep elf knights
  5 vampire magi
  12 naga warriors
  5 hell knights (Crypt:3)
  10 shock serpents
  31 dancing weapons
  7 naga sharpshooters
  6 skysharks
  A soul eater (Depths:3)
  2 storm dragon zombies (D:15)
  A shadow wraith (Crypt:3)
  4 sea snakes
  A storm dragon skeleton (Crypt:1)
  3 skeletal warriors
  A spectral death yak (Lair:5)
  7 salamander mystics
  A sixfirhy (Depths:3)
  A spectral anaconda (Lair:5)
  3 death drakes (Depths:2)
  15 iron trolls
  83 deep trolls
  17 deep elf archers
  A fire crab (Lair:5)
  An orb spider (shapeshifter) (Depths:4)
  Lodul (D:10)
  A spectral spark wasp (Depths:1)
  4 glowing orange brains
  A goliath frog (shapeshifter) (Depths:4)
  7 arcanists
  An obsidian statue (Zot:5)
  A bunyip skeleton (Crypt:3)
  5 lindwurms
  9 flayed ghosts
  A swamp dragon (shapeshifter) (Depths:3)
  9 naga ritualists
  An orange crystal statue (Snake:1)
  7 harpies (Shoals:1)
  9 mana vipers
  Pikel (D:6)
  A spriggan simulacrum (Crypt:1)
  17 ironbound convokers
  12 phantasmal warriors
  A thermic dynamo (Elf:1)
  35 deep elf pyromancers
  10 orc knights
  33 deep elf zephyrmancers
  2 wolf spiders (Zot:1)
  18 manticores
  8 orc sorcerers
  A shadow dragon skeleton (Vaults:3)
  A stone giant zombie (Vaults:3)
  An iron dragon zombie (Crypt:2)
  10 fauns
  A shining eye (Slime:2)
  A fire giant zombie (Crypt:2)
  11 necromancers
  24 salamanders
  38 ugly things
  21 moths of wrath
  A rust devil (Depths:2)
  A kobold blastminer (Orc:2)
  4 cyclopes
  13 vault sentinels
  An eleionoma skeleton (Crypt:2)
  46 black mambas
  20 elephants
  6 water nymphs
  16 naga magi
  A draconian skeleton (Crypt:1)
  2 stone giant skeletons
  8 merfolk sirens
  7 gargoyles
  6 guardian serpents
  13 cane toads
  A water nymph (shapeshifter) (Depths:1)
  An eye of devastation (Slime:5)
  A spectral iron troll (Crypt:1)
  3 smoke demons (Crypt:3)
  An elf zombie (Vaults:4)
  An eye of devastation (shapeshifter) (Depths:1)
  2 black mambas (shapeshifter) (D:13)
  A dire elephant zombie (Crypt:2)
  A mana viper skeleton (Crypt:1)
  A torpor snail (Lair:4)
  Maggie (D:6)
  5 rime drakes
  A kobold demonologist (D:12)
  2 bunyip simulacra (Crypt:1)
  An efreet (D:13)
  An anaconda simulacrum (Crypt:1)
  4 freezing wraiths
  35 yaktaurs
  A tormentor (Depths:2)
  A yaktaur skeleton (Vaults:4)
  2 guardian mummies (Crypt:3)
  4 spectral deep trolls (Crypt:1)
  6 komodo dragons
  A sea snake skeleton (Crypt:1)
  2 tengu conjurers (D:14)
  A tengu simulacrum (Vaults:4)
  A tyrant leech (Snake:1)
  9 wind drakes
  7 trolls
  3 polar bears
  Prince Ribbit (D:5)
  27 merfolk
  Grinder (D:5)
  2 glass eyes
  A harpy skeleton (Crypt:1)
  9 snapping turtles
  7 dream sheep
  11 blink frogs
  A satyr zombie (Crypt:2)
  129 slime creatures
  A dream sheep (shapeshifter) (Depths:1)
  A fire dragon skeleton (Crypt:2)
  A black mamba zombie (Crypt:1)
  A spriggan (Lair:5)
  A dire elephant simulacrum (Crypt:1)
  Sigmund (D:3)
  5 vampires
  43 yaks
  3 air elementals
  An ushabti (Crypt:3)
  A centaur simulacrum (Crypt:1)
  6 shadows
  10 wraiths
  A spriggan (shapeshifter) (Elf:3)
  An ettin skeleton (Crypt:3)
  4 wyverns
  A human (D:14)
  14 water elementals
  A tyrant leech zombie (Crypt:1)
  3 basilisks
  An alligator snapping turtle simulacrum (Crypt:2)
  5 fire elementals
  2 redbacks
  Eustachio (D:4)
  3 golden eyes
  A warg (Orc:1)
  3 hogs (Shoals:1)
  3 vampire mosquitoes (D:15)
  A black mamba skeleton (Crypt:3)
  A redback (shapeshifter) (Vaults:1)
  A steam dragon (D:8)
  35 nagas
  3 hell hounds (D:14)
  2 acid dragons
  12 water moccasins
  2 naga skeletons (Crypt:3)
  19 laughing skulls
  23 orc warriors
  3 ice beasts
  6 black bears
  8 wolves
  A deep troll simulacrum (Vaults:4)
  A boggart (Vaults:3)
  12 ogres
  An elephant zombie (Lair:5)
  7 centaurs
  A lindwurm skeleton (Crypt:2)
  A manticore skeleton (Crypt:1)
  Blork the orc (D:6)
  A gnoll sergeant (D:9)
  2 scorpions
  7 bullfrogs
  3 earth elementals
  A salamander skeleton (Crypt:2)
  A naga simulacrum (Crypt:1)
  6 howler monkeys
  4 crimson imps (D:8)
  2 bombardier beetles
  5 hounds
  A gnoll bouda (D:7)
  21 orc priests
  Ijyb (D:5)
  2 sleepcaps (D:6)
  3 iguanas
  20 orc wizards
  11 mummies (Crypt:3)
  12 gnolls
  10 adders
  6 white imps
  2 ufetubi (D:5)
  An adder zombie (Crypt:1)
  2 dart slugs
  4 ribbon worms
  46 orcs
  6 ball pythons
  10 bats
  5 endoplasms
  3 giant cockroaches (D:3)
  8 hobgoblins
  4 jackals
  3 quokkas
  4 frilled lizards
  15 goblins
  8 kobolds
  5 rats
  2 aspiring fleshes (Zot:1)
  4 tentacles
2198 creatures vanquished.

Vanquished Creatures (collateral kills)
  2 Killer Klowns (Zot:1)
  Saint Roka (Crypt:1)
  2 curse toes
  A golden dragon (Zot:4)
  Jory (Vaults:2)
  A tentacled monstrosity (Zot:2)
  Asterion (Snake:2)
  A deep elf blademaster (Elf:3)
  A death cob (Zot:1)
  2 draconian monks
  A rockslime (Slime:5)
  2 draconian knights
  7 vault wardens
  An iron dragon (Depths:3)
  A deep elf sorcerer (Elf:3)
  A very ugly thing (Depths:3)
  A stone giant (Depths:4)
  2 quicksilver oozes (Slime:4)
  3 ironbound preservers
  A black draconian (Zot:2)
  A red draconian (Zot:1)
  A spark wasp (Depths:3)
  3 ettins
  A merfolk impaler (D:12)
  2 yaktaur captains (Vaults:4)
  2 great orbs of eyes (Slime:5)
  3 vault guards
  A satyr (Shoals:4)
  A two-headed ogre (D:15)
  2 centaur warriors
  2 deep troll shamans (Depths:4)
  An occultist (Depths:3)
  A deep troll earth mage (Depths:1)
  A tengu warrior (Depths:1)
  2 naga warriors
  5 hell knights (Crypt:3)
  An orc high priest (Crypt:1)
  3 deep trolls
  3 ironbound convokers
  An orc knight (Crypt:1)
  2 deep elf pyromancers
  A manticore (Shoals:4)
  6 salamanders
  A kobold blastminer (Orc:2)
  A moth of wrath (Zot:1)
  A naga mage (Snake:2)
  4 vault sentinels
  A gargoyle (D:14)
  A yaktaur zombie (Vaults:3)
  3 yaktaurs
  12 merfolk
  A shadow (Crypt:3)
  13 slime creatures
  A golden eye (Slime:4)
  7 nagas
  An orc warrior (D:14)
  A centaur (D:15)
  2 gnolls (D:6)
129 creatures vanquished.

Vanquished Creatures (others)
  7 eldritch tentacles
  2 very ugly things
  A yaktaur captain (Vaults:1)
  87 dancing weapons
  An ironbound convoker (Vaults:1)
  3 deep elf pyromancers
  A deep elf zephyrmancer (Elf:3)
  A salamander (Snake:2)
  A blink frog (Lair:3)
  A wraith (Crypt:3)
  3 humans (Shoals:1)
  An adder (D:6)
  10 tentacles
119 creatures vanquished.

Grand Total: 2446 creatures vanquished

Notes
Turn   | Place    | Note
-------+----------+-------------------------------------------
     0 | D:1      | jestert79 the Gnoll Earth Elementalist began the quest for
                  | the Orb.
     0 | D:1      | Reached XP level 1. HP: 13/13 MP: 6/6
   118 | D:1      | Found Hesium's Magic Scroll Emporium.
   218 | D:1      | Reached XP level 2. HP: 19/19 MP: 3/7
   754 | D:2      | Reached skill level 5 in Spellcasting
   754 | D:2      | Reached XP level 3. HP: 25/25 MP: 6/9
   801 | D:2      | Found Wituann's Book Shoppe.
   825 | D:2      | Reached skill level 1 in Invocations
   851 | D:2      | Found Quodgh's Armour Emporium.
   930 | D:2      | Found a faded altar of an unknown god.
  1077 | D:2      | Found Ruofib's Jewellery Emporium.
  1079 | D:2      | Reached skill level 1 in Fighting
  1079 | D:2      | Reached skill level 1 in Short Blades
  1079 | D:2      | Reached skill level 1 in Long Blades
  1079 | D:2      | Reached skill level 1 in Axes
  1079 | D:2      | Reached skill level 1 in Maces & Flails
  1079 | D:2      | Reached skill level 1 in Polearms
  1079 | D:2      | Reached skill level 1 in Staves
  1079 | D:2      | Reached skill level 1 in Ranged Weapons
  1079 | D:2      | Reached skill level 1 in Throwing
  1079 | D:2      | Reached skill level 1 in Armour
  1079 | D:2      | Reached skill level 1 in Shields
  1079 | D:2      | Reached skill level 1 in Unarmed Combat
  1079 | D:2      | Reached skill level 1 in Evocations
  1222 | D:2      | Reached skill level 1 in Shapeshifting
  1222 | D:2      | Reached XP level 4. HP: 32/32 MP: 7/11
  1295 | D:2      | Learned a level 3 spell: Stone Arrow
  1307 | D:2      | Found Kepsuock's Weapon Shoppe.
  1379 | D:2      | Reached skill level 1 in Hexes
  1379 | D:2      | Reached skill level 1 in Summonings
  1379 | D:2      | Reached skill level 1 in Necromancy
  1379 | D:2      | Reached skill level 1 in Translocations
  1379 | D:2      | Reached skill level 1 in Fire Magic
  1379 | D:2      | Reached skill level 1 in Ice Magic
  1379 | D:2      | Reached skill level 1 in Air Magic
  1379 | D:2      | Reached skill level 1 in Alchemy
  1719 | D:3      | Noticed Sigmund
  1963 | D:3      | Killed Sigmund
  1964 | D:3      | Reached skill level 5 in Dodging
  1964 | D:3      | Reached XP level 5. HP: 38/38 MP: 6/12
  1964 | D:3      | Reached XP level 6. HP: 44/44 MP: 7/14
  2012 | D:3      | Found Giff's Distillery.
  2020 | D:3      | Bought 2 potions of degeneration for 22 gold pieces
  2094 | D:1      | Bought a scroll of noise for 11 gold pieces
  2094 | D:1      | Bought a scroll of fear for 44 gold pieces
  2094 | D:1      | Bought a scroll of teleportation for 33 gold pieces
  2206 | D:3      | Found a runed translucent door.
  2207 | D:3      | Noticed Crazy Yiuf
  2255 | D:3      | Reached skill level 2 in Fighting
  2978 | D:4      | Noticed Eustachio
  3145 | D:4      | Reached XP level 7. HP: 50/50 MP: 11/15
  3486 | D:5      | Entered Level 5 of the Dungeon
  3609 | D:5      | Reached skill level 5 in Stealth
  3835 | D:5      | Noticed Prince Ribbit
  3840 | D:5      | Killed Prince Ribbit
  3841 | D:5      | Reached skill level 3 in Fighting
  3841 | D:5      | Reached XP level 8. HP: 58/58 MP: 9/17
  3958 | D:5      | Noticed Grinder
  4043 | D:5      | Found a white marble altar of Elyvilon.
  4193 | D:5      | Killed Grinder
  4314 | D:5      | Noticed Ijyb
  4318 | D:5      | Killed Ijyb
  4509 | D:6      | Found a staircase to the Ecumenical Temple.
  4640 | D:6      | Noticed Maggie
  4679 | D:6      | Noticed Blork the orc
  4685 | D:6      | Killed Blork the orc
  4767 | D:6      | Identified the +7 falchion of Luriunt {freeze, +Blink
                  | rElec}
  4804 | D:6      | Noticed Pikel
  4815 | D:6      | Reached XP level 9. HP: 34/65 MP: 18/18
  5072 | D:6      | Killed Pikel
  5073 | D:6      | Reached skill level 4 in Fighting
  5167 | Temple   | Entered the Ecumenical Temple
  5197 | Temple   | Became a worshipper of Sif Muna the Loreminder
  5350 | D:6      | Killed Maggie
  6097 | D:7      | Found a hazy altar of Hepliaklqana.
  6150 | D:7      | Reached skill level 5 in Invocations
  6515 | D:7      | Found an opulent altar of Gozag.
  6934 | D:8      | Found a radiant altar of Vehumet.
  7011 | D:8      | Noticed a +0 dagger
  7012 | D:8      | Noticed a +0 dagger
  7013 | D:8      | Found a hide-covered altar of Uskayaw.
  7231 | D:8      | Noticed Gastronok
  7239 | D:8      | Killed Gastronok
  7240 | D:8      | Reached skill level 5 in Fighting
  7240 | D:8      | Reached skill level 5 in Short Blades
  7240 | D:8      | Reached skill level 5 in Long Blades
  7240 | D:8      | Reached skill level 5 in Axes
  7240 | D:8      | Reached skill level 5 in Maces & Flails
  7240 | D:8      | Reached skill level 5 in Polearms
  7240 | D:8      | Reached skill level 5 in Staves
  7240 | D:8      | Reached skill level 5 in Ranged Weapons
  7240 | D:8      | Reached skill level 5 in Throwing
  7240 | D:8      | Reached skill level 5 in Armour
  7240 | D:8      | Reached skill level 5 in Shields
  7240 | D:8      | Reached skill level 5 in Unarmed Combat
  7240 | D:8      | Reached skill level 5 in Evocations
  7240 | D:8      | Reached XP level 10. HP: 74/74 MP: 1/21
  7576 | D:8      | Reached * piety under Sif Muna
  7580 | D:8      | Reached skill level 5 in Conjurations
  7776 | D:8      | Reached skill level 5 in Shapeshifting
  8185 | D:9      | Noticed Erica
  8204 | D:9      | Killed Erica
  8393 | D:9      | Reached skill level 6 in Fighting
  8748 | D:2      | Bought a +0 buckler of protection for 126 gold pieces
  8791 | D:4      | Killed Eustachio
  8792 | D:4      | Reached skill level 5 in Hexes
  8792 | D:4      | Reached skill level 5 in Summonings
  8792 | D:4      | Reached skill level 5 in Necromancy
  8792 | D:4      | Reached skill level 5 in Translocations
  8792 | D:4      | Reached skill level 5 in Fire Magic
  8792 | D:4      | Reached skill level 5 in Ice Magic
  8792 | D:4      | Reached skill level 5 in Air Magic
  8792 | D:4      | Reached skill level 5 in Alchemy
  8953 | D:4      | Found a burning altar of Makhleb.
  9324 | D:9      | Reached XP level 11. HP: 81/81 MP: 12/22
  9485 | D:9      | Reached ** piety under Sif Muna
  9646 | D:9      | Noticed a death yak
  9657 | D:9      | Killed a death yak
  9810 | D:9      | Found a staircase to the Lair.
  9907 | D:9      | Noticed a two-headed ogre
  9918 | D:9      | Killed a two-headed ogre
 10069 | D:9      | Found a staircase to the Orcish Mines.
 10070 | D:9      | Identified a scroll of acquirement
 10071 | D:9      | Acquired a manual of Fighting
 10255 | D:10     | Entered Level 10 of the Dungeon
 10266 | D:10     | Noticed a two-headed ogre
 10317 | Orc:1    | Entered Level 1 of the Orcish Mines
 10421 | D:10     | Noticed a two-headed ogre
 10429 | D:10     | Killed a two-headed ogre
 10502 | D:10     | Learned a level 4 spell: Brom's Barrelling Boulder
 10579 | D:10     | Killed a two-headed ogre
 10705 | D:10     | Reached skill level 7 in Fighting
 11047 | D:10     | Found a snail-covered altar of Cheibriados.
 11134 | Lair:1   | Entered Level 1 of the Lair of Beasts
 11211 | Lair:1   | Identified the +11 sling of Sharkskin {heavy, Fly rElec rF+
                  | SInv}
 11297 | Lair:1   | Identified the +2 ring mail of Agnosticism {Str-2 Int+6
                  | Dex+3}
 12005 | Lair:1   | Reached XP level 12. HP: 92/92 MP: 10/24
 12394 | Lair:1   | Noticed a six-headed hydra
 12406 | Lair:1   | Killed a six-headed hydra
 12407 | Lair:1   | Reached skill level 8 in Fighting
 12676 | Lair:1   | Reached *** piety under Sif Muna
 12906 | Lair:2   | Noticed a death yak
 12906 | Lair:2   | Noticed a death yak
 13122 | D:2      | Bought the +5 ring mail of Forking Paths {Str+3 Dex+4} for
                  | 557 gold pieces
 13545 | Lair:2   | Got the Directory of Abstinence
 14288 | Lair:2   | Noticed a death yak
 14294 | Lair:2   | Noticed a death yak
 14437 | Lair:2   | Reached skill level 9 in Fighting
 14547 | Lair:2   | Found a staircase to the Snake Pit.
 14745 | Lair:1   | Killed a death yak
 14980 | Lair:2   | You fall into a shaft and drop 2 floors!
 15379 | Lair:2   | Killed a death yak
 15380 | Lair:2   | Reached XP level 13. HP: 83/101 MP: 11/26
 16300 | Lair:3   | Noticed Urug
 16311 | Lair:3   | Killed Urug
 16729 | Lair:3   | Reached **** piety under Sif Muna
 16732 | Lair:3   | Reached skill level 10 in Fighting
 17061 | Lair:3   | Found a staircase to the Shoals.
 17561 | Lair:3   | Reached skill level 10 in Spellcasting
 18154 | Lair:4   | Acquired 840 gold pieces
 19176 | Lair:5   | Entered Level 5 of the Lair of Beasts
 19191 | Lair:5   | Reached skill level 10 in Dodging
 19212 | Lair:5   | Found a staircase to the Slime Pits.
 19213 | Lair:5   | Found a viscous altar of Jiyva.
 20071 | Lair:5   | Reached skill level 10 in Stealth
 20364 | Lair:4   | Reached skill level 11 in Fighting
 20485 | Lair:5   | Reached ***** piety under Sif Muna
 20596 | Lair:5   | Reached skill level 10 in Invocations
 20596 | Lair:5   | Reached XP level 14. HP: 99/113 MP: 1/28
 20778 | Lair:5   | Noticed a dire elephant
 20865 | Lair:5   | Noticed a dire elephant
 20873 | Lair:5   | Noticed a dire elephant
 20889 | Lair:5   | Killed a dire elephant
 21596 | Lair:5   | Killed a dire elephant
 21714 | Lair:5   | Killed a dire elephant
 21827 | Lair:5   | Got the Cyclopedia of Aeromancy and the Swarm
 22206 | Lair:5   | Learned a level 3 spell: Tukima's Dance
 22211 | Lair:5   | Learned a level 4 spell: Flame Wave
 22354 | Orc:1    | Found Oniuh's Book Boutique.
 22692 | Orc:1    | Received a gift from Sif Muna
 22710 | Orc:1    | Got Humegumy's Codex of Tempestuous Allies {god gift}
 22803 | Orc:2    | Entered Level 2 of the Orcish Mines
 22924 | Orc:2    | Found a roughly hewn altar of Beogh.
 22968 | Orc:2    | Found a staircase to the Elven Halls.
 23331 | Orc:1    | Noticed Sonja
 23332 | Orc:1    | Sonja changed into Sonja the yak
 23332 | Orc:1    | Noticed Sonja
 23338 | Orc:1    | Killed Sonja the yak
 23752 | Orc:1    | Reached skill level 12 in Fighting
 24194 | Orc:2    | Noticed Jorgrun
 24207 | Orc:1    | Killed Jorgrun
 25246 | Orc:2    | Reached skill level 10 in Earth Magic
 25698 | Orc:2    | Reached skill level 10 in Short Blades
 25698 | Orc:2    | Reached skill level 10 in Long Blades
 25698 | Orc:2    | Reached skill level 10 in Axes
 25698 | Orc:2    | Reached skill level 10 in Maces & Flails
 25698 | Orc:2    | Reached skill level 10 in Polearms
 25698 | Orc:2    | Reached skill level 10 in Staves
 25698 | Orc:2    | Reached skill level 10 in Ranged Weapons
 25698 | Orc:2    | Reached skill level 10 in Throwing
 25698 | Orc:2    | Reached skill level 10 in Armour
 25698 | Orc:2    | Reached skill level 10 in Shields
 25698 | Orc:2    | Reached skill level 10 in Unarmed Combat
 25698 | Orc:2    | Reached skill level 10 in Evocations
 25945 | Orc:2    | Reached XP level 15. HP: 114/122 MP: 18/30
 26061 | Orc:2    | Found Iliem's Antique Weapon Shop.
 26061 | Orc:2    | Found Roleov's Jewellery Shop.
 26062 | Orc:2    | Found Quosonof's General Store.
 26062 | Orc:2    | Found Liriasar's Assorted Antiques.
 26073 | Orc:2    | Bought a potion of heal wounds for 60 gold pieces
 26081 | Orc:2    | Bought a lumpy blue potion for 26 gold pieces
 26081 | Orc:2    | Bought a black potion for 26 gold pieces
 26085 | Orc:2    | Bought a wand of warping (5) for 348 gold pieces
 26093 | Orc:2    | Bought a potion of might for 48 gold pieces
 26093 | Orc:2    | Bought a wand of digging (4) for 201 gold pieces
 26208 | D:11     | Noticed Lodul
 26238 | D:10     | Killed Lodul
 26344 | D:11     | Received a gift from Sif Muna
 26345 | D:11     | Got Sif Muna's Codex of Kinetic Energy and Glaciation {god
                  | gift}
 28313 | D:12     | Found Feem's Antique Armour Emporium.
 28322 | D:12     | Bought a pair of bloodstained gloves for 304 gold pieces
 28322 | D:12     | Identified the +1 pair of gloves "Saupsij" {Harm Str+5
                  | SInv} (You bought it in a shop on level 12 of the Dungeon)
 28897 | D:12     | Found a runed translucent gate.
 28897 | D:12     | Found a runed translucent gate.
 28897 | D:12     | Found a runed translucent gate.
 28898 | D:12     | Noticed bronco's ghost (journeyman MDMo)
 29140 | D:12     | Found an iron altar of Okawaru.
 29176 | D:13     | Noticed Patrick2011b's ghost (journeyman FoFi)
 29176 | D:13     | Found a runed translucent door.
 29176 | D:13     | Found a shimmering altar of Xom.
 29320 | D:13     | Reached skill level 13 in Fighting
 29590 | D:13     | Identified the +5 orcbow "Fokhlish" {heavy, rC++ Int+3
                  | Dex+3}
 30168 | D:14     | Found a runed translucent gate.
 30168 | D:14     | Found a runed translucent gate.
 30168 | D:14     | Found a runed translucent gate.
 30170 | D:14     | Noticed Dyn Saduc's ghost (journeyman OnCA)
 30679 | D:14     | Learned a level 5 spell: Yara's Violent Unravelling
 31009 | D:14     | Noticed Nessos
 31032 | D:14     | Killed Nessos
 31189 | D:14     | Noticed Rupert
 31198 | D:14     | Killed Rupert
 31542 | D:14     | Found a glowing silver altar of Zin.
 31542 | D:14     | Noticed an angel
 31759 | D:14     | Noticed Azrael
 31764 | D:14     | Killed Azrael
 31924 | D:14     | Found a sparkling altar of Nemelex Xobeh.
 32202 | D:14     | Noticed Frances
 32211 | D:14     | Killed Frances
 32728 | D:2      | Bought a Trismegistus Codex for 280 gold pieces
 32734 | D:2      | Learned a level 5 spell: Freezing Cloud
 33037 | D:14     | Found a gate to the Vaults.
 33054 | D:14     | Received a gift from Sif Muna
 33396 | D:15     | Entered Level 15 of the Dungeon
 33430 | D:15     | Reached skill level 10 in Shapeshifting
 33439 | D:15     | Found Nyukan's Book Shop.
 33579 | D:15     | Reached XP level 16. HP: 132/132 MP: 12/32
 33816 | D:15     | Reached skill level 14 in Fighting
 34080 | D:15     | Found a staircase to the Depths.
 34625 | D:15     | Found a blossoming altar of Fedhas.
 35265 | Snake:1  | Entered Level 1 of the Snake Pit
 35851 | Snake:1  | Found a transporter.
 35890 | Snake:1  | Found a transporter.
 35892 | Snake:1  | Identified the serpent talisman of Vlad {Str-2 Dex+4 SInv}
 35892 | Snake:1  | Noticed Aizul
 35904 | Snake:1  | Killed Aizul
 37526 | Snake:1  | Noticed Donald
 37532 | Snake:1  | Donald changed into Donald the tyrant leech
 37532 | Snake:1  | Noticed Donald
 37544 | Snake:1  | Killed Donald the tyrant leech
 37831 | Snake:1  | Found a shimmering blue altar of Sif Muna.
 38010 | Snake:2  | Found Fumighal's Distillery.
 38012 | Snake:2  | Found a shimmering blue altar of Sif Muna.
 38054 | Snake:2  | Bought a potion of haste for 150 gold pieces
 38054 | Snake:2  | Bought a potion of heal wounds for 75 gold pieces
 38900 | Snake:2  | Noticed a nagaraja
 38920 | Snake:2  | Killed a nagaraja
 39171 | Snake:2  | Reached skill level 10 in Conjurations
 39836 | Snake:2  | Found Doatow's Assorted Antiques.
 39836 | Snake:2  | Found Bovugefi's Antique Weapon Boutique.
 40182 | Snake:2  | Noticed Asterion
 40195 | Snake:2  | Killed Asterion
 40460 | Snake:2  | Reached skill level 15 in Fighting
 40517 | Snake:2  | Reached XP level 17. HP: 79/142 MP: 25/33
 41141 | Snake:3  | Received a gift from Sif Muna
 41142 | Snake:3  | Got Sif Muna's Codex of Unstable Flames {god gift}
 41149 | Snake:3  | Reached skill level 10 in Hexes
 41149 | Snake:3  | Reached skill level 10 in Summonings
 41149 | Snake:3  | Reached skill level 10 in Necromancy
 41149 | Snake:3  | Reached skill level 10 in Translocations
 41149 | Snake:3  | Reached skill level 10 in Fire Magic
 41149 | Snake:3  | Reached skill level 10 in Ice Magic
 41149 | Snake:3  | Reached skill level 10 in Air Magic
 41149 | Snake:3  | Reached skill level 10 in Alchemy
 43570 | Snake:4  | Entered Level 4 of the Snake Pit
 44668 | Snake:4  | Found Fakeaczierch's Assorted Antiques.
 44867 | Snake:4  | Received a gift from Sif Muna
 44882 | Snake:4  | Bought a translucent pewter ring for 165 gold pieces
 44882 | Snake:4  | Identified the ring of Dithmenos's Anger {Wiz Will+ Int+3
                  | Slay+2} (You bought it in a shop on level 4 of the Snake
                  | Pit)
 45810 | Snake:4  | Noticed Vashnia
 45839 | Snake:4  | Killed Vashnia
 45840 | Snake:4  | Reached skill level 16 in Fighting
 46215 | Snake:4  | Reached XP level 18. HP: 142/151 MP: 17/35
 46395 | Snake:4  | Got a serpentine rune of Zot
 46980 | Snake:4  | Learned a level 5 spell: Iskenderun's Battlesphere
 47130 | Shoals:1 | Entered Level 1 of the Shoals
 47646 | Orc:2    | Bought the amulet "Zebealla" {rC+ Regen+ Str+5} for 926
                  | gold pieces
 48149 | Shoals:1 | Noticed Kirke
 48157 | Shoals:1 | Killed Kirke
 49024 | Shoals:1 | Received a gift from Sif Muna
 49026 | Shoals:1 | Got Sif Muna's Book of the Nocuous End {god gift}
 49050 | Shoals:1 | Learned a level 5 spell: Irradiate
 49512 | Snake:1  | Identified the ring of Oxunugh {^Drain rF+ Str+2 Int-2
                  | Dex+8}
 49513 | Snake:1  | Identified the +5 chain mail of Intercession {*Slow +Inv
                  | rC- Str+4}
 49518 | Snake:1  | Identified the +0 helmet of the Trombone {+Blink rPois
                  | MP-9}
 49520 | Snake:1  | Identified the +5 great sword "Aphauh" {flame, rC+ Int-3
                  | Dex+2 SInv}
 49525 | Snake:1  | Learned a level 1 spell: Apportation
 52520 | Shoals:3 | Reached skill level 17 in Fighting
 53517 | Shoals:4 | Entered Level 4 of the Shoals
 53980 | Shoals:4 | Reached XP level 19. HP: 161/161 MP: 23/37
 53984 | Shoals:4 | Received a gift from Sif Muna
 54148 | Shoals:4 | Got Sif Muna's Opusculum on Enthralling Forces {god gift}
 54162 | Shoals:4 | Got a barnacled rune of Zot
 54183 | Shoals:4 | Found the +3 Mad Mage's Maulers {Infuse+∞ VampMP -Cast}
 54302 | Shoals:4 | Found Hetter's Book Emporium.
 56066 | Vaults:1 | Entered Level 1 of the Vaults
 56396 | Vaults:1 | Found Samn's Antique Weapon Shop.
 56763 | Vaults:1 | Identified the +2 robe of Focus {Int+8}
 56763 | Vaults:1 | Noticed Boris
 56901 | Vaults:1 | Killed Boris
 56996 | Vaults:1 | Noticed Nikola
 57171 | Vaults:1 | Killed Nikola
 57793 | Vaults:1 | Received a gift from Sif Muna
 57794 | Vaults:1 | Got Sif Muna's Catalogue of Detritus and Unspeakable
                  | Ceremonies {god gift}
 58570 | Vaults:1 | Reached skill level 18 in Fighting
 59085 | Vaults:2 | Reached skill level 15 in Invocations
 59931 | Vaults:2 | Reached XP level 20. HP: 171/171 MP: 33/38
 61613 | Vaults:2 | Noticed Jory
 61729 | Vaults:2 | Received a gift from Sif Muna
 61730 | Vaults:2 | Got Hideij's Cyclopedia of Geological Maleficia {god gift}
 61758 | Vaults:2 | Learned a level 6 spell: Summon Cactus Giant
 62000 | Vaults:2 | Killed Jory
 62541 | Vaults:2 | Reached skill level 15 in Spellcasting
 62749 | Vaults:2 | Found a staircase to the Crypt.
 63403 | Vaults:2 | Reached skill level 15 in Dodging
 64074 | Vaults:3 | Reached skill level 15 in Stealth
 64151 | Vaults:3 | Reached skill level 19 in Fighting
 65657 | Vaults:3 | Paralysed by a formless jellyfish for 1 turns
 65665 | Vaults:3 | Paralysed by a formless jellyfish for 1 turns
 65886 | Vaults:2 | Reached XP level 21. HP: 144/180 MP: 31/40
 66445 | Vaults:3 | Reached ****** piety under Sif Muna
 66445 | Vaults:3 | Received a gift from Sif Muna
 66499 | Vaults:3 | Got Sif Muna's Handbook of Pyromancy {god gift}
 66604 | Vaults:3 | Identified the storm talisman of Tender Moments {Dex+3
                  | SInv}
 66830 | Vaults:4 | Identified the +4 chain mail "Qaeg" {^Drain rElec Str+8
                  | Dex-3}
 66867 | Vaults:4 | Learned a level 6 spell: Bombard
 69348 | Vaults:4 | Reached skill level 15 in Short Blades
 69348 | Vaults:4 | Reached skill level 15 in Long Blades
 69348 | Vaults:4 | Reached skill level 15 in Axes
 69348 | Vaults:4 | Reached skill level 15 in Maces & Flails
 69348 | Vaults:4 | Reached skill level 15 in Polearms
 69348 | Vaults:4 | Reached skill level 15 in Staves
 69348 | Vaults:4 | Reached skill level 15 in Ranged Weapons
 69348 | Vaults:4 | Reached skill level 15 in Throwing
 69348 | Vaults:4 | Reached skill level 15 in Armour
 69348 | Vaults:4 | Reached skill level 15 in Shields
 69348 | Vaults:4 | Reached skill level 15 in Unarmed Combat
 69348 | Vaults:4 | Reached skill level 15 in Evocations
 69674 | Vaults:4 | Received a gift from Sif Muna
 69675 | Vaults:4 | Got Caygei's Book of Cooperative Aeromancy {god gift}
 70261 | Elf:1    | Entered Level 1 of the Elven Halls
 70570 | Elf:1    | Found Ganes's Antique Weapon Emporium.
 71759 | Elf:1    | Reached skill level 20 in Fighting
 71806 | Elf:1    | Paralysed by an air elemental for 1 turns
 72413 | Elf:2    | Reached XP level 22. HP: 158/178 MP: 20/42
 73143 | Elf:2    | Found Sopaddes's Magic Scroll Emporium.
 73418 | Elf:2    | Found a runed translucent gate.
 73418 | Elf:2    | Found a runed translucent gate.
 73418 | Elf:2    | Found a runed translucent gate.
 73463 | Elf:2    | Received a gift from Sif Muna
 74787 | Elf:3    | Entered Level 3 of the Elven Halls
 75032 | Elf:3    | Found a portal to a secret trove of treasure.
 75257 | D:12     | Killed bronco's ghost
 75338 | D:12     | Identified the +0 scale mail of Purpose {rF+ rC+ rN++
                  | Int-4}
 75733 | D:14     | Killed Dyn Saduc's ghost
 76603 | Snake:2  | Bought a scroll of enchant weapon for 277 gold pieces
 76894 | Elf:3    | You paid a toll of a +8 demon blade to enter a treasure
                  | trove
 76895 | Trove    | Entered a treasure trove
 76898 | Trove    | Found the +18 Lear's hauberk
 76899 | Trove    | Found the +0 cloak of the Thief {Quiet Slay-3 SInv Stlth+}
 76899 | Trove    | Found the +3 pair of mountain boots {steadfast, rC+}
 76904 | Trove    | Identified the +0 cloak "Ummefro" {rElec rF- rC+++ Will-}
 76908 | Trove    | Identified the +5 tower shield of the Snail {rN+++ Str+4
                  | Dex-5}
 76927 | Trove    | Identified the +0 pair of boots "Ketan" {rN+ Str+2}
 76930 | Trove    | Identified the +1 pair of boots "Wukhedea" {*Slow rPois
                  | Str+3 Dex+2}
 76931 | Trove    | Identified the +0 pair of boots "Seblat" {rPois rN++ Regen+
                  | Str-4}
 76957 | Trove    | Identified the +7 scale mail of the Unseen Realm {Str+2
                  | Slay+2 Stlth+}
 77765 | Elf:3    | Identified the +3 scimitar of Distant Shores {venom, Int+2
                  | Dex+4}
 78031 | Elf:3    | Identified the +0 ring mail of the Immovable People {SInv}
 78216 | Elf:3    | Identified the +6 flail of the Spider Nest {flame, rCorr}
 78222 | Elf:3    | Received a gift from Sif Muna
 78496 | Elf:3    | Identified the +9 scimitar of Defiance {holy, Fly Int+2
                  | Dex+2 Stlth+}
 78496 | Elf:3    | Identified the ring "Maranees" {Fly rN+ Int-2 Dex+3}
 78899 | Elf:3    | Identified the +1 leather armour of Integrity {Dex+5
                  | Stlth+}
 79270 | Elf:3    | Identified the +8 long sword of Responsibility {freeze, rF+
                  | rC+ Will+ Int+4}
 79571 | Elf:3    | Reached skill level 21 in Fighting
 79818 | Elf:3    | Reached XP level 23. HP: 169/178 MP: 32/43
 80155 | Elf:3    | Identified the +0 quarterstaff of Himuakud {heavy, Str+5}
 80207 | Elf:3    | Got the Dissertation on the Grave and Signs
 80484 | Depths:1 | Entered Level 1 of the Depths
 80504 | Depths:1 | Found an ornate altar of the Wu Jian Council.
 80919 | Depths:1 | Found a one-way gate to the infinite horrors of the Abyss.
 80999 | Depths:1 | Received a gift from Sif Muna
 81009 | Depths:1 | Learned a level 7 spell: Orb of Destruction
 81594 | Depths:1 | Found Cacapp's Antique Armour Emporium.
 81859 | Snake:2  | Bought the +3 Elemental Staff {ele, rElec rF+ rC+ AC+3} for
                  | 2341 gold pieces
 81859 | Snake:2  | Found the +3 Elemental Staff {ele, rElec rF+ rC+ AC+3}
 82180 | Depths:1 | Found a gateway to Hell.
 83169 | Depths:2 | Reached skill level 15 in Shapeshifting
 83349 | Depths:2 | Found a one-way gate leading to the halls of Pandemonium.
 83363 | Depths:2 | Received a gift from Sif Muna
 83366 | Depths:2 | Got Sif Muna's Codex of Bringing Forth {god gift}
 83723 | Depths:2 | Paralysed by a sphinx for 4 turns
 85523 | Depths:2 | Reached skill level 15 in Earth Magic
 85852 | Depths:2 | Noticed a juggernaut
 85862 | Depths:2 | Killed a juggernaut
 85894 | Depths:2 | Noticed a golden dragon
 86013 | Depths:2 | Killed a golden dragon
 86449 | Depths:2 | Reached XP level 24. HP: 210/210 MP: 33/44
 86900 | Depths:2 | Received a gift from Sif Muna
 86902 | Depths:2 | Noticed a caustic shrike
 86903 | Depths:2 | Got Sif Muna's Dissertation on Puissant Coordinates {god
                  | gift}
 86914 | Depths:2 | Killed a caustic shrike
 86915 | Depths:2 | Reached skill level 22 in Fighting
 87336 | Depths:2 | Noticed a caustic shrike
 87342 | Depths:2 | Killed a caustic shrike
 87758 | Depths:3 | Found Liakit's General Store.
 87849 | Depths:3 | Noticed Gazog's ghost (adept DsGl)
 88363 | Depths:3 | Found Vefagh's Book Shoppe.
 88367 | Depths:3 | Found Wenwen's Jewellery Boutique.
 88368 | Depths:3 | Found Rikhyfe's Book Shoppe.
 88605 | Depths:3 | Found a transporter.
 88608 | Depths:3 | Found a transporter.
 88612 | Depths:3 | Noticed Vv
 88646 | Depths:3 | Found a one-way gateway to a ziggurat.
 88663 | Depths:3 | Killed Vv
 89961 | Depths:4 | Entered Level 4 of the Depths
 90309 | Depths:4 | Noticed a juggernaut
 90747 | Depths:4 | Killed a juggernaut
 91393 | Depths:4 | Identified the +2 robe of Xyte {rCorr Str+3}
 91393 | Depths:4 | Noticed Boris
 91403 | Depths:4 | Killed Boris
 92019 | Depths:4 | Received a gift from Sif Muna
 92160 | Depths:4 | Found a gate to the Realm of Zot.
 92589 | Depths:4 | Upgraded the game from 0.32-a0-918-g0f22ef8d61 to
                  | 0.32-a0-928-g1cae6b7ea0
 92869 | Shoals:2 | Learned a level 7 spell: Malign Gateway
 92969 | Slime:1  | Entered Level 1 of the Pits of Slime
 93152 | Slime:1  | Reached XP level 25. HP: 219/219 MP: 36/44
 94578 | Slime:2  | Gained mutation: You are strong-willed. (Will+) [a shining
                  | eye]
 95005 | Slime:3  | Received a gift from Sif Muna
 95093 | Slime:3  | Paralysed by a formless jellyfish for 1 turns
 95103 | Slime:3  | Reached skill level 23 in Fighting
 95111 | Slime:3  | Reached skill level 15 in Conjurations
 96642 | Slime:5  | Entered Level 5 of the Pits of Slime
 96819 | Slime:5  | Noticed the Royal Jelly
 96834 | Slime:5  | Killed the Royal Jelly
 96835 | Slime:5  | Reached skill level 15 in Hexes
 96835 | Slime:5  | Reached skill level 15 in Summonings
 96835 | Slime:5  | Reached skill level 15 in Necromancy
 96835 | Slime:5  | Reached skill level 15 in Translocations
 96835 | Slime:5  | Reached skill level 15 in Fire Magic
 96835 | Slime:5  | Reached skill level 15 in Ice Magic
 96835 | Slime:5  | Reached skill level 15 in Air Magic
 96835 | Slime:5  | Reached skill level 15 in Alchemy
 97054 | Slime:5  | Received a gift from Sif Muna
 97055 | Slime:5  | Got Rirch's Papyrus of Superposition {god gift}
 97589 | Slime:5  | Got a slimy rune of Zot
 97632 | Slime:5  | Identified the ring of Tinuph {rN+ Slay+5}
 97893 | Slime:5  | Identified the amulet "Ynuavu Xilu" {Reflect *Slow Will+++
                  | MP-9 SH+5 Stlth+}
 98319 | Zot:1    | Entered Level 1 of the Realm of Zot
 98598 | Crypt:1  | Entered Level 1 of the Crypt
100153 | Crypt:1  | Noticed Saint Roka
100296 | Crypt:1  | Killed Saint Roka
100804 | Crypt:1  | Identified the ring of Dim Light {Ice rElec rCorr Dex+4
                  | Stlth-}
100804 | Crypt:1  | Noticed Josephina
100819 | Crypt:1  | Killed Josephina
101075 | Crypt:1  | Learned a level 7 spell: Enfeeble
101717 | Crypt:2  | Received a gift from Sif Muna
101718 | Crypt:2  | Got Sif Muna's Information on the Chill {god gift}
101920 | Crypt:2  | Identified the +3 morningstar of Integrity {pain, rElec}
101927 | Crypt:2  | Noticed Mennas
101944 | Crypt:2  | Killed Mennas
102149 | Crypt:2  | Reached XP level 26. HP: 230/230 MP: 45/45
102513 | Crypt:2  | Found an ancient bone altar of Kikubaaqudgha.
102937 | Crypt:3  | Entered Level 3 of the Crypt
102937 | Crypt:3  | Noticed Xtahua
102955 | Crypt:2  | Killed Xtahua
103371 | Crypt:3  | Identified the orb "Qash" {light, Harm Dex+3}
103371 | Crypt:3  | Noticed Frederick
103380 | Crypt:3  | Killed Frederick
103666 | Crypt:3  | Identified the ring of Virchyk {rPois rN++ Will++ Int-2
                  | Dex+4}
103666 | Crypt:3  | Noticed Khufu
103689 | Crypt:3  | Killed Khufu
103876 | Crypt:3  | Identified the ring of Ihymnaocw {rC+ rN++ Int+2}
103876 | Crypt:3  | Identified the ring of Paranoia {rN++ Will+ Str+3}
103882 | Crypt:3  | Identified the ring "Ruonodgh" {rC- Will+ Dex+5 Slay+4}
104209 | Crypt:3  | Found a staircase to the Tomb.
104358 | Crypt:3  | Reached skill level 24 in Fighting
104626 | Crypt:3  | Received a gift from Sif Muna
104894 | Crypt:3  | Found an ancient bone altar of Kikubaaqudgha.
105028 | Crypt:3  | Identified the +3 morningstar of Husiteus {drain, ^Fragile
                  | rElec rCorr Int-3}
105039 | Crypt:3  | Noticed a dread lich
105053 | Crypt:3  | Killed a dread lich
105349 | Crypt:3  | Identified the +5 plate armour "Neang" {Harm *Corrode rC+
                  | rN+}
107293 | Zot:1    | Received a gift from Sif Muna
107368 | Zot:1    | Noticed a Killer Klown
107389 | Zot:1    | Killed a Killer Klown
107510 | Zot:1    | Noticed a Killer Klown
107536 | Zot:1    | Killed a Killer Klown
108214 | Zot:1    | Identified the staff of Oxiskewk {rElec Will+ Stlth+ Air
                  | Alchemy}
108549 | Zot:1    | Reached XP level 27. HP: 153/240 MP: 34/46
110594 | Zot:2    | Reached skill level 25 in Fighting
111096 | Zot:3    | Noticed an orb of fire
111104 | Zot:2    | Killed an orb of fire
111391 | Zot:3    | Identified the +9 trident "Lerei" {chaos, rElec rN+++ MP-9
                  | Str+4}
111600 | Zot:3    | Identified the +12 great mace of Kuafak {freeze, *Noise
                  | +Blink rPois rC-}
114606 | Zot:5    | Entered Level 5 of the Realm of Zot
115065 | Shoals:1 | Learned a level 8 spell: Maxwell's Capacitive Coupling
115997 | Zot:5    | Noticed an ancient lich
116246 | Zot:5    | Noticed a dread lich
116452 | Zot:5    | Killed a dread lich
116670 | Zot:5    | Noticed an orb of fire
116776 | Zot:5    | Noticed an orb of fire
116778 | Zot:5    | Noticed an ancient lich
116789 | Zot:5    | Killed an ancient lich
116797 | Zot:5    | Killed an orb of fire
116917 | Zot:5    | Gained mutation: Armour fits poorly on your strangely
                  | shaped body. [an orb of fire]
116918 | Zot:5    | Noticed a dread lich
116920 | Zot:5    | Killed an orb of fire
116941 | Zot:5    | Killed a dread lich
117326 | Zot:5    | Noticed a dread lich
117331 | Zot:5    | Killed a dread lich
117332 | Zot:5    | Reached skill level 26 in Fighting
117533 | Zot:5    | Noticed an ancient lich
117539 | Zot:5    | Killed an ancient lich
117637 | Zot:5    | Noticed an orb of fire
117639 | Zot:5    | Gained mutation: You have hidden genetic defects. [an orb
                  | of fire]
117641 | Zot:5    | Killed an orb of fire
117786 | Zot:5    | Got the Orb of Zot
118275 | D:1      | Noticed Humiol the pandemonium lord
118289 | D:$      | Escaped with the Orb!

Illustrated notes

Levels and vault maps discovered:
D:1:      lemuel_arrival_lava_pool, layout_rooms, serial_shops,
          nicolae_shop_rolled_up
D:2:      layout_rooms, serial_shops, shop, nicolae_shop_tiny_statue_garden,
          shop, shop, shapermc_ecumenical_altar_flowoftime, nicolae_half_adder
D:3:      layout_loops_ring, serial_shops, nicolae_shop_advertising_works
          [nicolae_subvault_shop_adworks], minivault_24, uniq_sigmund,
          uniq_crazy_yiuf_cottage
D:4:      cheibrodos_greedy_goblins, layout_cave_pools, kennysheep_mini,
          uniq_eustachio
D:5:      layout_cave_pools, lemuel_doored_altar,
          serial_library_hellmonk_big_corner, uniq_prince_ribbit1, uniq_grinder,
          uniq_ijyb
D:6:      layout_layer_cave, minmay_temple_entry_sparse_star,
          lightli_ossuary_entry_decrepit_ruins, uniq_maggie, uniq_blork_the_orc,
          uniq_pikel
D:7:      layout_gridville, grunt_gozag_statues,
          worldfamousw_hep_ancestral_shrine
D:8:      layout_basic, nicolae_vehumet_altar_sigil, dancing_weapons_uskayaw,
          minmay_fire_ice_demons, uniq_gastronok
D:9:      layout_basic, david_lair_generic, orc_0_dummy, uniq_erica
D:10:     layout_cross, chei_slow_surprise
D:11:     layout_long_grid, uniq_lodul
D:12:     layout_stronghold, gammafunk_ghost_fury_of_okawaru,
          nicolae_stop_n_shop_2
D:13:     layout_cave_pools, ebering_ghost_xom
D:14:     layout_basic, grunt_vaults_entry_fortified, lemuel_tele_altar,
          gammafunk_ghost_hydra_chop, zin_angel, uniq_rupert, uniq_frances,
          uniq_azrael, uniq_nessos
D:15:     gammafunk_depths_entry_grave, layout_loops_ring, fedhas_altar_2,
          serial_shops, shop, nicolae_benzene_ring
Temple:   bh_familiar_temple
Lair:1:   layout_roguey, st_stairs_4, beast_lair_carwin_2, serial_bayou_shore_b,
          serial_bayou_shore_b, infiniplex_staircase_pool_2
Lair:2:   layout_layer_cave, alex1729_snake_entry_snake
Lair:3:   wander_river, layout_layer_cave, shoals_dummy_entry,
          chequers_serial_rivers_small_b, uniq_urug
Lair:4:   layout_cave_pods
Lair:5:   due_jungle_book, layout_long_grid, slime_entry_1,
          chequers_serial_rivers_room_b, dreamdust_deal_with_the_devil,
          wad_woods_03
Shoals:1: layout_shoals, nzn_prometheus_bound, uniq_kirke
Shoals:2: layout_shoals
Shoals:3: layout_shoals
Shoals:4: shoals_end_simple, layout_shoals, serial_shops, shop
Snake:1:  gammafunk_sealed_arena, layout_onion_interference,
          nicolae_snake_gridmaze_waves, serial_library_hellmonk_statue_hall,
          uniq_aizul, uniq_donald
Snake:2:  layout_gridlike, basic_altar, serial_shops, shop, minmay_shoptagon,
          uniq_asterion
Snake:3:  layout_grid_maze, nicolae_letterblocks [nicolae_letter_subblock,
          nicolae_letter_subblock, nicolae_letter_subblock,
          nicolae_letter_subblock, nicolae_letter_subblock,
          nicolae_letter_subblock, nicolae_letter_subblock,
          nicolae_letter_subblock, nicolae_letter_subblock,
          nicolae_letter_subblock, nicolae_letter_subblock,
          nicolae_letter_subblock, nicolae_letter_subblock,
          nicolae_letter_subblock, nicolae_letter_subblock,
          nicolae_letter_subblock, nicolae_letter_subblock,
          nicolae_letter_subblock, nicolae_letter_subblock,
          nicolae_letter_subblock, nicolae_letter_subblock,
          nicolae_letter_subblock, nicolae_letter_subblock,
          nicolae_letter_subblock, nicolae_letter_subblock]
Snake:4:  johnstein_snake_rune_scales, layout_onion,
          portal_ice_cave_entry_pillars_three, serial_shops,
          nicolae_shop_tiny_glass, grunt_ministairs_5,
          serial_library_hellmonk_hallway_b
Slime:1:  layout_caves
Slime:2:  cheibrodos_slime_lost_civilization_3, layout_caves
Slime:3:  layout_caves
Slime:4:  layout_caves
Slime:5:  slime_pit_nicolae_trefoil
Orc:1:    layout_diamond_mine, serial_shops, shop, elves_outpost_lemuel,
          uniq_sonja
Orc:2:    st_orc_elflike, layout_diamond_mine, basic_altar, uniq_jorgrun
Elf:1:    eino_elf_arrival_shootout, layout_geoelf_octagon, serial_shops, shop,
          nicolae_elf_blasts_and_bolts
Elf:2:    nicolae_elf_blades_splatter_lattice [infiniplex_blade_entry_pillars],
          layout_geoelf_octagon, serial_shops, shop, grunt_megastairs_2
Elf:3:    grunt_elf_hall_diamonds, layout_geoelf_diagonals,
          nicolae_trove_entry_isolated, minivault_19, grunt_ministairs_12,
          st_stairs_7
Vaults:1: nicolae_vaults_house_3, nicolae_vaults_mini_display_case,
          nicolae_vaults_storage_closets_3, nicolae_vaults_meiosis,
          nicolae_vaults_diagonal_hallway_7, nicolae_vaults_surprise_closet,
          vaults_room_grunt_arrival_ludios, nicolae_vaults_trapezoid_layered,
          nicolae_vaults_variable_pillar_hall, vaults_room_door_hall,
          st_smaller_cells, nicolae_vaults_house_3, layout_vaults_omnibox,
          serial_shops, nicolae_shop_real_fake_doors, uniq_nikola, uniq_boris
Vaults:2: hangedman_vaults_trim, hangedman_vaults_slice,
          vaults_standard_mumra_x, v_misc_3, minmay_crypt_entry_simple_walls,
          nicolae_vaults_two_Ls, vaults_room_corners, layout_vaults_omnigrid,
          uniq_jory
Vaults:3: dpeg_vaults_hating_casters, ontoclasm_vaults_hangar,
          vaults_room_large_hall, nicolae_vaults_weapon_check,
          nicolae_vaults_doubleplus_tesselated, nicolae_vaults_what_the_h,
          nicolae_vaults_sesquioval_fish, ontoclasm_vaults_ligature,
          hangedman_vaults_maws, nicolae_vaults_trapezoid_lopsided_3, v_misc_12,
          nicolae_vaults_tetromino_Z_1, layout_vaults_chaotic_city
Vaults:4: v_misc_29, nicolae_vaults_tetromino_T_1, v_rooms_1, v_misc_26,
          nicolae_vaults_apartment_2, grunt_vaults_funnel, v_pattern_3,
          ontoclasm_vaults_eye, layout_vaults_big_cross
Crypt:1:  layout_gridlike, serial_co_window_serial, co_window_of_opportunity_a,
          co_window_paths_a, co_window_paths_a, co_window_paths_a,
          co_window_of_opportunity_a, co_window_2corner, co_window_corner_cb,
          co_window_unsneaky_path_c, co_window_corner_b, co_window_corner_ca,
          co_window_2corner, co_window_corner_cb, glass_columns_b,
          glass_columns_b, glass_columns_b, glass_columns_b, grunt_ministairs_3,
          skrybe_necro_troll_2, uniq_josephina, uniq_saint_roka
Crypt:2:  layout_regular_city, minmay_misc_feat_pillars, weyrava_vampire_temple,
          uniq_mennas
Crypt:3:  quadcrypt_mu, uniq_xtahua, uniq_khufu, uniq_frederick
Depths:1: layout_roguey, serial_glass, glass_columns_a, glass_columns_a,
          serial_shops, nicolae_shop_behind_doors,
          nicolae_abyss_entry_one_way_or_another, hex_tiny,
          grunt_mini_vestibule, nicolae_wu_jian_glorious_leap
Depths:2: lemuel_castle_with_subvaults [lemuel_castle_interior_carwin_2],
          layout_gridlike, nrook_pool_corridor, hell_entry,
          grunt_pan_entry_in_and_out, abyss_entry_glasseish
Depths:3: minmay_box_of_statues, layout_cave_shapes, enter_ziggurat_f,
          gammafunk_ghost_arena, abyss_entry, hangedman_tar_grid_catacomb,
          serial_shops, nicolae_shop_tiny_waterfront, rand_demon_pan_entry_7,
          serial_bayou_shore_b, infiniplex_staircase_zigzag_4,
          minmay_shop_grove, uniq_vv
Depths:4: evilmike_zot_entry_round, layout_gridlike,
          pf_vacation_house_of_asmodeus, amcnicky_mini_pool_small,
          glass_columns_a
Zot:1:    cheibrodos_zot_enchanting_chambers, layout_basic
Zot:2:    layout_basic, grunt_megastairs_5
Zot:3:    layout_misc_corridors, hangedman_zot_wheel_spokes
Zot:4:    layout_basic, zot_minivault_6
Zot:5:    layout_basic

Skill      XL: |  1  2  3  4  5  6  7  8  9 10 11 12 13 14 15 16 17 18 19 20 21 22 23 24 25 26 27 |
---------------+----------------------------------------------------------------------------------+-----
Conjurations   | 2 3 4 5 6 7 8 9 10 11 12 13 14 15 16 17 | 17.0
Spellcasting   | 5 6 7 8 9 10 11 12 13 14 15 16 17 18 19 20 | 20.2
Invocations    | 1 2 3 4 5 6 7 8 10 11 12 13 14 15 16 17 18 19 20 21 | 21.3
Fighting       | 1 2 3 5 6 7 9 11 12 13 15 16 17 18 19 20 21 22 23 24 26 | 26.1
Short Blades   | 1 2 3 5 6 7 8 9 10 11 12 13 14 15 16 17 18 19 | 19.7
Long Blades    | 1 2 3 5 6 7 8 9 10 11 12 13 14 15 16 17 18 19 | 19.7
Axes           | 1 2 3 5 6 7 8 9 10 11 12 13 14 15 16 17 18 19 | 19.7
Maces & Flails | 1 2 3 5 6 7 8 9 10 11 12 13 14 15 16 17 18 19 | 19.7
Polearms       | 1 2 3 5 6 7 8 9 10 11 12 13 14 15 16 17 18 19 | 19.7
Staves         | 1 2 3 5 6 7 8 9 10 11 12 13 14 15 16 17 18 19 | 19.7
Ranged Weapons | 1 2 3 5 6 7 8 9 10 11 12 13 14 15 16 17 18 19 | 19.7
Throwing       | 1 2 3 5 6 7 8 9 10 11 12 13 14 15 16 17 18 19 | 19.7
Armour         | 1 2 3 5 6 7 8 9 10 11 12 13 14 15 16 17 18 19 | 19.7
Shields        | 1 2 3 5 6 7 8 9 10 11 12 13 14 15 16 17 18 19 | 19.7
Unarmed Combat | 1 2 3 5 6 7 8 9 10 11 12 13 14 15 16 17 18 19 | 19.7
Evocations     | 1 2 3 5 6 7 8 9 10 11 12 13 14 15 16 17 18 19 | 19.7
Shapeshifting  | 1 2 3 4 5 6 7 8 9 10 11 12 13 14 15 16 17 18 | 18.2
Hexes          | 1 2 3 4 5 6 7 8 9 10 11 12 13 14 15 16 | 16.8
Summonings     | 1 2 3 4 5 6 7 8 9 10 11 12 13 14 15 16 | 16.8
Necromancy     | 1 2 3 4 5 6 7 8 9 10 11 12 13 14 15 16 | 16.8
Translocations | 1 2 3 4 5 6 7 8 9 10 11 12 13 14 15 16 | 16.8
Fire Magic     | 1 2 3 4 5 6 7 8 9 10 11 12 13 14 15 16 | 16.8
Ice Magic      | 1 2 3 4 5 6 7 8 9 10 11 12 13 14 15 16 | 16.8
Air Magic      | 1 2 3 4 5 6 7 8 9 10 11 12 13 14 15 16 | 16.8
Alchemy        | 1 2 3 4 5 6 7 8 9 10 11 12 13 14 15 16 | 16.8
Dodging        | 5 6 7 8 9 10 11 12 13 14 15 16 17 18 19 20 | 20.2
Stealth        | 5 6 7 8 9 10 11 12 13 14 15 16 17 18 19 20 | 20.1
Earth Magic    | 6 7 8 9 10 11 12 13 14 15 16 17 | 17.6

Action                     |  1- 3 |  4- 6 |  7- 9 | 10-12 | 13-15 | 16-18 | 19-21 | 22-24 | 25-27 || total
---------------------------+-------+-------+-------+-------+-------+-------+-------+-------+-------++-------
  Melee: Dagger            |       |    10 |     6 |       |       |       |       |       |       ||    16
         Bite              |       |     4 |     2 |    22 |    72 |   111 |   161 |   160 |   429 ||   961
         Unarmed           |       |       |     7 |       |       |       |       |       |       ||     7
         Falchion          |       |       |    27 |    71 |   204 |   131 |    55 |    94 |       ||   582
         Staff             |       |       |       |    81 |   131 |   527 |   705 |   628 |  1812 ||  3884
         Long sword        |       |       |       |       |       |       |       |    89 |       ||    89
   Fire: Sling             |       |       |       |     2 |       |       |       |       |       ||     2
  Throw: Throwing net      |       |       |       |     3 |       |       |       |       |       ||     3
         Dart              |       |       |       |       |     3 |     4 |     2 |     2 |     1 ||    12
   Cast: Sandblast         |    53 |    56 |    77 |   122 |   167 |   129 |    89 |    18 |     4 ||   715
         Stone Arrow       |       |     6 |    47 |   175 |   483 |   358 |   266 |   161 |   104 ||  1600
         Brom's Barrelling |       |       |       |    11 |    23 |     9 |     2 |     7 |       ||    52
         Tukima's Dance    |       |       |       |       |    37 |   105 |   170 |    66 |    41 ||   419
         Flame Wave        |       |       |       |       |     1 |     2 |       |       |       ||     3
         Freezing Cloud    |       |       |       |       |       |   116 |   105 |    95 |    75 ||   391
         Yara's Violent Un |       |       |       |       |       |    21 |    39 |    70 |    29 ||   159
         Iskenderun's Batt |       |       |       |       |       |    15 |    19 |     2 |     1 ||    37
         Irradiate         |       |       |       |       |       |     7 |    35 |    44 |    74 ||   160
         Bombard           |       |       |       |       |       |       |    12 |   123 |   130 ||   265
         Summon Cactus Gia |       |       |       |       |       |       |       |     7 |     4 ||    11
         Orb of Destructio |       |       |       |       |       |       |       |    62 |   119 ||   181
         Malign Gateway    |       |       |       |       |       |       |       |       |     7 ||     7
         Enfeeble          |       |       |       |       |       |       |       |       |    18 ||    18
         Maxwell's Capacit |       |       |       |       |       |       |       |       |     5 ||     5
         Shatter           |       |       |       |       |       |       |       |       |     1 ||     1
         Apportation       |       |       |       |       |       |       |       |       |     1 ||     1
 Invoke: Channel Magic     |       |       |       |       |       |     1 |       |       |       ||     1
         Divine Exegesis   |       |       |       |       |       |       |       |       |     1 ||     1
  Evoke: Wand              |       |       |     5 |     2 |    10 |    14 |     2 |    10 |    10 ||    53
         Gell's gravitambo |       |       |       |       |     2 |       |       |       |       ||     2
         Sack of spiders   |       |       |       |       |       |     1 |       |       |       ||     1
         Phantom mirror    |       |       |       |       |       |       |     1 |       |     3 ||     4
         Condenser vane    |       |       |       |       |       |       |     1 |       |       ||     1
    Use: Scroll            |       |       |    17 |     7 |     7 |     6 |     1 |    10 |    13 ||    61
         Potion            |       |       |     2 |       |       |     7 |     1 |     2 |     7 ||    19
   Stab: Sleeping          |       |       |       |       |     1 |     3 |     3 |     3 |    11 ||    21
         Invisible         |       |       |       |       |     2 |       |       |       |     6 ||     8
         Distracted        |       |       |       |       |       |     1 |     7 |     4 |     4 ||    16
 Armour: Robe              |     3 |    12 |    33 |       |       |       |       |       |       ||    48
         Skin              |       |       |     4 |       |       |       |       |       |       ||     4
         Steam dragon scal |       |       |     5 |   101 |       |       |       |       |       ||   106
         Ring mail         |       |       |       |    38 |   280 |   455 |   306 |   348 |   820 ||  2247
  Dodge: Dodged            |     3 |    23 |    61 |   196 |   326 |   498 |   427 |   379 |   936 ||  2849
  Block: Buckler           |       |       |       |   110 |   283 |   326 |       |       |       ||   719
         Reflection        |       |       |       |     5 |    13 |    95 |    91 |    53 |    17 ||   274
         Kite shield       |       |       |       |       |       |   189 |   527 |   449 |  1186 ||  2351

Table legend: (Time is in decaauts)
 A = Elapsed time spent in this place.
 B = Non-inter-level travel time spent in this place.
 C = Inter-level travel time spent in this place.
 D = Time resting spent in this place.
 E = Time spent auto-exploring this place.
 F = Levels seen in this place.
 G = Mean time per level.
                   A        B        C        D        E       F      G
               +--------+--------+--------+--------+--------+-----+--------+
         Total | 117926 | 104955 |  12971 |  42906 |  23219 |  56 | 2105.8 |
       Dungeon |  23252 |  19596 |   3656 |   6188 |   8331 |  15 | 1550.1 |
        Temple |     59 |      1 |     58 |      0 |      0 |   1 |   59.0 |
          Lair |  12049 |  10453 |   1596 |   3892 |   2824 |   5 | 2409.8 |
        Shoals |   8470 |   7909 |    561 |   4183 |   1429 |   4 | 2117.5 |
     Snake Pit |  12493 |  11292 |   1201 |   5889 |   1482 |   4 | 3123.2 |
    Slime Pits |   4842 |   4566 |    276 |   1878 |   1155 |   5 |  968.4 |
  Orcish Mines |   4192 |   3552 |    640 |   1637 |    640 |   2 | 2096.0 |
   Elven Halls |   8606 |   7674 |    932 |   3353 |    998 |   3 | 2868.7 |
        Vaults |  14509 |  13005 |   1504 |   5482 |   2431 |   4 | 3627.2 |
         Crypt |   5974 |   5675 |    299 |   1737 |   1383 |   3 | 1991.3 |
        Depths |  12199 |  10894 |   1305 |   4655 |   1421 |   4 | 3049.8 |
           Zot |  11195 |  10257 |    938 |   4008 |   1123 |   5 | 2239.0 |
         Trove |     80 |     80 |      0 |      0 |      0 |   1 |   80.0 |
               +--------+--------+--------+--------+--------+-----+--------+

Top non-repeatable levels by time:
 Snake:1: 4740 daAuts
Vaults:2: 4631 daAuts
Depths:2: 4281 daAuts
    D:14: 4037 daAuts
   Elf:3: 3718 daAuts
Vaults:3: 3561 daAuts
Vaults:1: 3465 daAuts
   Zot:1: 3365 daAuts
   Zot:4: 3180 daAuts
  Lair:5: 3112 daAuts
 Snake:3: 3060 daAuts
 Snake:4: 2891 daAuts
Depths:4: 2885 daAuts
Vaults:4: 2851 daAuts
   Orc:1: 2728 daAuts
